 Dungeon Crawl Stone Soup version 0.19-a0-1008-g4c63d25 (webtiles) character file.

78539 Implojin the Spry (level 16, 0/124 HPs)
             Began as a Halfling Fighter on July 23, 2016.
             Was a High Priest of Okawaru.
             Slain by a spriggan rider
             ... wielding a +0 spear
              (21 damage)
             ... on level 1 of the Swamp.
             The game lasted 01:32:45 (25417 turns).

Implojin the Spry (Halfling Fighter)               Turns: 25417, Time: 01:32:46

Health: 0/124      AC: 15    Str: 29    XL:     16   Next: 8%
Magic:  0/18       EV: 35    Int:  4    God:    Okawaru [*****.]
Gold:   1426       SH:  0    Dex: 26    Spells: 1 memorised, 12 levels left

rFire  . . .     SeeInvis .     D - +7 double sword (drain)
rCold  . . .     Gourm    .     T - +0 troll leather armour
rNeg   . . .     Faith    .     (shield currently unavailable)
rPois  .         Spirit   +     K - +1 helmet
rElec  .         Dismiss  .     N - +0 cloak
rCorr  .         Reflect  .     A - +1 pair of gloves
SustAt .         Harm     .     E - +2 pair of boots {Fly}
MR     +....                    m - amulet of guardian spirit
Stlth  ++........               y - +3 ring of strength
                                W - ring of Yxukem {+Blink EV+2 Str+10 Int-3 Dex+5, this is the best ring i've ever seen}

@: lethally poisoned (0 -> 0), finesse, slowed, very slow, somewhat resistant to
hostile enchantments, unstealthy
A: mutation resistance 1, MP-powered wands
a: Heroism, Finesse, Renounce Religion, Evoke Blink, Evoke Flight


You were on level 1 of the Swamp.
You worshipped Okawaru.
Okawaru was extremely pleased with you.
You were not hungry.

You visited 5 branches of the dungeon, and saw 25 of its levels.
You also visited: Labyrinth and Volcano.

You collected 2200 gold pieces.
You spent 774 gold pieces at shops.

Inventory:

Hand Weapons
 b - the +1 short sword "Xarch" {venom, rElec rPois rN+}
   (Okawaru gifted it to you on level 12 of the Dungeon)

   It poisons the flesh of those it strikes.
   It insulates you from electricity.
   It protects you from poison.
   It protects you from negative energy.
 t - a +0 blowgun
 u - a +1 scimitar of holy wrath
 D - a +7 double sword of draining (weapon)
 F - a +0 falchion of electrocution
 V - a +2 scimitar of flaming
Missiles
 Q - 17 tomahawks (quivered)
Armour
 c - the +0 chain mail "Ugun" {rElec rF+ Str+2 SInv}
   (You found it in a labyrinth)

   It affects your strength (+2).
   It protects you from fire.
   It insulates you from electricity.
   It lets you see invisible.
 d - the +0 robe "Xynauv" {-Tele *Contam rElec Int+8}
   (Okawaru gifted it to you on level 6 of the Lair of Beasts)

   It affects your intelligence (+8).
   It insulates you from electricity.
   It prevents most forms of teleportation.
   It causes magical contamination when unequipped.
 k - a +3 scale mail of fire resistance
 A - a +1 pair of gloves (worn)
 E - a +2 pair of boots of flying (worn)
 I - a +3 ring mail of magic resistance
 K - a +1 helmet (worn)
 N - a +0 cloak (worn)
 O - a +0 buckler
 T - a +0 troll leather armour (worn)
Magical Staves
 S - an uncursed staff of summoning {unknown}
Jewellery
 a - an uncursed ring of sustain attributes
 g - a +3 ring of slaying
 m - an amulet of guardian spirit (around neck)
 n - an uncursed ring of resist corrosion
 v - an uncursed ring of protection from cold
 y - a +3 ring of strength (right hand)
 B - a +2 amulet of reflection
 C - an uncursed ring of stealth
 W - the ring of Yxukem (left hand) {+Blink EV+2 Str+10 Int-3 Dex+5, this is the best ring i've ever seen}
   (You bought it in a shop on level 2 of the Orcish Mines)

   [ring of evasion]

   It affects your evasion (+2).
   It affects your strength (+10).
   It affects your intelligence (-3).
   It affects your dexterity (+5).
   It lets you blink.
 X - an uncursed ring of flight
Scrolls
 e - 8 scrolls of remove curse
 i - a scroll of enchant armour
 l - 2 scrolls of fog
 q - a scroll of silence
 z - 3 scrolls of recharging
 H - a scroll of identify
 J - 5 scrolls of teleportation
 P - 2 scrolls of brand weapon
 R - a scroll of magic mapping
 Z - 2 scrolls of fear
Potions
 h - a potion of might
 j - 3 potions of flight
 o - a potion of heal wounds
 p - 2 potions of cure mutation
 r - 4 potions of resistance
 s - a potion of magic
 w - a potion of haste
 L - a potion of ambrosia
 Y - 2 potions of berserk rage
Comestibles
 f - 16 bread rations
 x - 14 fruits
 G - 8 meat rations
 M - 2 beef jerkies
 U - 17 royal jellies


   Skills:
 * Level 15.8 Fighting
 - Level 9.0 Long Blades
 - Level 9.0 Armour
 - Level 17.0 Dodging
 - Level 6.4 Shields
 - Level 3.2 Invocations


You had 12 spell levels left.
You knew the following spells:

 Your Spells              Type           Power        Failure   Level  Hunger
a - Regeneration          Chrm/Necr      #.........   99%         3    ####...


Dungeon Overview and Level Annotations

Branches:
Dungeon (15/15)            Temple (1/1) D:6            Lair (6/6) D:8
  Swamp (1/4) Lair:4        Snake (0/4) Lair:2        Slime (0/5) Lair:6
    Orc (2/2) D:9             Elf (0/3) Orc:2        Vaults (0/5) D:13
 Depths: D:15

Altars:
Ashenzari
Cheibriados
Dithmenos
Elyvilon
Fedhas
Gozag
Hepliaklqana
Kikubaaqudgha
Makhleb
Nemelex Xobeh
Okawaru
Pakellas
Qazlal
Ru
Sif Muna
Trog
Uskayaw
Vehumet
Xom
Yredelemnul
Zin
The Shining One
Jiyva

Shops:
D:14 (   Orc:2 =[%=

Annotations:
D:10 exclusion: downstairs
D:11 !5h hydra staircamping care
D:12 exclusion: hydra
D:14 !rupert wandering care, Rupert


Innate Abilities, Weirdness & Mutations

You are small and have problems with some larger weapons.
You are somewhat resistant to further mutation.
You expend magic power (3 MP) to strengthen your wands.


Message History

You fail to use your ability.
The spriggan rider barely misses you.
The spriggan rider completely misses you.
You riposte.
You slice the spriggan rider!!
The spriggan rider is moderately wounded.
The spriggan rider hits you but does no damage.
Unknown command.
Unknown command.
You can now deal lightning-fast blows.
You feel sick.
The spriggan rider hits you with a spear!
* * * LOW HITPOINT WARNING * * *
The spriggan rider barely misses you. The spriggan rider closely misses you.
The spriggan rider hits you with a spear!
* * * LOW HITPOINT WARNING * * *
Unknown command.
You feel much better.
You feel sick.
The spriggan rider hits you from afar with a spear!!
* * * LOW HITPOINT WARNING * * *
The spriggan rider hits you from afar with a spear.
* * * LOW HITPOINT WARNING * * *
The spriggan rider completely misses you.
The spriggan rider hits you from afar with a spear!
* * * LOW HITPOINT WARNING * * *
The spriggan rider closely misses you.
Okay, then.
Okay, then.
Okay, then.
As you read the scroll of fear, it crumbles to dust.
You assume a fearsome visage.
The slime creature looks frightened!
The spriggan rider looks frightened!
The spriggan rider resists with almost no effort.
The spriggan rider looks frightened!
You feel like a meek peon again.
A swamp drake comes into view.
The swamp drake roars!
You slash the spriggan rider!
The spriggan rider is lightly wounded.
You feel sick.
The spriggan rider hits you with a spear!!
You die...

≈.≈≈≈≈.. ...≈....♣♣♣≈..≈≈≈
♣.≈≈..♣ ♣.≈..≈≈≈....≈.≈≈.
♣...≈♣ ♣...≈♣♣♣♣....♣.≈.
♣≈≈≈≈♣♣♣...≈♣ ♣≈..♣♣≈≈≈ ♣
♣♣.≈.......≈♣ ♣≈.≈♣.≈≈≈
♣♣≈♣≈......♣♣♣.♣♣♣♣≈.♣≈.≈≈≈
♣>..≈.≈..(.♣ ♣..≈≈≈..♣♣.≈≈≈
♣♣..≈≈.(♣♣.♣♣♣......≈♣♣♣≈≈≈
≈...≈≈≈.≈≈♣@.≈≈.≈≈...≈♣♣♣.≈≈
≈≈≈≈≈≈≈i.≈i.†..♣♣..≈≈≈.♣♣♣.≈
i≈≈≈≈≈.♣♣≈.≈.♣♣♣♣...≈≈.♣ ♣♣≈
≈≈ii≈≈≈.i..≈..♣ ♣♣.....♣ ♣♣
≈≈i≈..≈≈...≈..♣ ♣≈.≈≈.♣ ♣
..≈≈..J≈.≈≈♣♣♣♣ ♣♣.≈≈.♣ ♣
..≈≈≈k.≈≈≈.♣ ♣...≈♣ ≈..≈≈≈.
♣.≈♣♣♣ ♣≈♣♣


You could see a slime creature (fleeing), 3 spriggan riders and a swamp drake.

Vanquished Creatures
  Gastronok (D:10)
  A minotaur (Lab)
  An ettin (D:15)
  3 centaur warriors
  7 hydras
  Erica (Lair:2)
  3 catoblepae (Lair:6)
  10 death yaks
  Urug (D:10)
  A tengu warrior (D:13)
  2 orc high priests (Orc:2)
  An unseen horror (D:10)
  6 hill giants
  A shambling mangrove (Swamp:1)
  A lindwurm (Volcano)
  Pikel (D:5)
  A phantasmal warrior (D:13)
  A deep elf archer (D:15)
  2 griffons
  An orc knight (D:15)
  4 ugly things (D:12)
  A manticore (D:12)
  5 orc sorcerers
  2 cyclopes
  A torpor snail (Lair:4)
  Maurice (D:10)
  9 black mambas
  Joseph (Lair:1)
  Psyche (D:8)
  3 molten gargoyles (Volcano)
  14 spiny frogs
  A centaur zombie (D:11)
  A spiny frog (shapeshifter) (D:13)
  3 gargoyles
  An efreet (D:13)
  4 komodo dragons
  2 kobold demonologists (D:12)
  A rime drake (Lair:6)
  4 trolls
  A queen bee (Lair:5)
  Prince Ribbit (D:5)
  12 blink frogs
  4 slime creatures (D:12)
  3 meliai (Lair:5)
  Grinder (D:5)
  A bog body (Swamp:1)
  A centaur simulacrum (D:14)
  A redback (Lab)
  A shadow (D:10)
  3 wraiths
  3 spriggans (Swamp:1)
  2 basilisks (Lair:6)
  A wyvern (D:11)
  4 fire elementals (Volcano)
  34 yaks
  3 hippogriffs
  A steam dragon (D:10)
  3 hungry ghosts
  2 vampire mosquitoes (Swamp:1)
  17 wargs
  9 swamp worms
  3 insubstantial wisps (Swamp:1)
  16 water moccasins
  A porcupine (Lair:2)
  7 ice beasts
  5 sky beasts
  A slave (D:5)
  4 black bears
  26 orc warriors
  6 wasps
  2 phantoms
  3 necrophages
  2 eyes of draining
  5 wolves (Lair:5)
  11 centaurs
  11 ogres
  9 crocodiles
  14 giant frogs
  5 big kobolds
  A gnoll sergeant (D:8)
  6 scorpions
  22 killer bees (Lair:5)
  A troll skeleton (Lab)
  5 electric eels
  A vampire bat (D:2)
  5 wights (D:7)
  2 howler monkeys
  A giant frog zombie (D:12)
  4 crimson imps
  2 quasits
  20 orc priests
  6 hounds
  4 jellies
  An iron imp (D:9)
  2 centaur skeletons
  9 iguanas
  32 orc wizards
  9 worker ants
  A killer bee zombie (D:7)
  22 sheep (Lair:6)
  A hound zombie (D:10)
  Robin (D:2)
  8 gnolls
  13 adders
  63 river rats
  4 shadow imps
  2 oozes (D:3)
  An adder zombie (D:8)
  An adder skeleton (D:5)
  4 worms
  3 dart slugs
  4 giant geckos
  73 orcs
  2 ball pythons
  4 bats
  3 bat skeletons (D:2)
  3 bat zombies (D:2)
  2 giant cockroaches (D:3)
  17 goblins
  3 hobgoblins
  4 jackals
  5 quokkas
  3 giant newts
  18 kobolds
  A rat (D:2)
  4 fire vortices (Volcano)
  A plant (D:8)
748 creatures vanquished.

Vanquished Creatures (others)
  A slave (D:5)
  4 orc wizards
  A giant gecko (D:7)
  An orc (D:9)
  13 fungi
  7 plants (Lair:6)
  3 withered plants (D:5)
30 creatures vanquished.

Grand Total: 778 creatures vanquished

Notes
Turn   | Place    | Note
-------+----------+-------------------------------------------
     0 | D:1      | Implojin the Halfling Fighter began the quest for the Orb.
     0 | D:1      | Reached XP level 1. HP: 15/15 MP: 1/1
   755 | D:1      | Reached XP level 2. HP: 20/20 MP: 2/2
   844 | D:2      | Noticed Robin
   887 | D:1      | Reached skill level 3 in Long Blades
  1030 | D:2      | Reached XP level 3. HP: 16/25 MP: 3/3
  1032 | D:2      | Killed Robin
  1481 | D:2      | Reached XP level 4. HP: 29/30 MP: 4/4
  1557 | D:2      | Reached skill level 4 in Long Blades
  1581 | D:2      | Found an ancient bone altar of Kikubaaqudgha.
  1590 | D:2      | Reached XP level 5. HP: 33/35 MP: 5/5
  2018 | D:3      | Reached skill level 5 in Long Blades
  3068 | D:4      | Found a glowing golden altar of the Shining One.
  3069 | D:4      | Found a glowing silver altar of Zin.
  3072 | D:4      | Found a shattered altar of Ashenzari.
  3086 | D:4      | Reached XP level 6. HP: 35/41 MP: 4/6
  3113 | D:4      | Reached skill level 6 in Long Blades
  3981 | D:4      | Noticed a hungry ghost
  3992 | D:4      | Killed a hungry ghost
  3992 | D:4      | Reached skill level 7 in Long Blades
  3992 | D:4      | Reached XP level 7. HP: 43/45 MP: 7/7
  4499 | D:4      | Reached skill level 8 in Long Blades
  4595 | D:4      | Reached skill level 3 in Fighting
  4630 | D:5      | Entered Level 5 of the Dungeon
  4827 | D:5      | Reached skill level 4 in Fighting
  4827 | D:5      | Reached XP level 8. HP: 18/54 MP: 2/8
  5089 | D:5      | Noticed Pikel
  5094 | D:5      | Noticed Grinder
  5622 | D:6      | Found a staircase to the Ecumenical Temple.
  5630 | Temple   | Entered the Ecumenical Temple
  5665 | Temple   | Reached skill level 5 in Fighting
  5909 | Temple   | Became a worshipper of Warmaster Okawaru
  6168 | D:6      | Reached skill level 6 in Fighting
  6765 | D:7      | Found a hazy altar of Hepliaklqana.
  6782 | D:7      | Reached XP level 9. HP: 63/63 MP: 9/9
  6800 | D:7      | Reached skill level 7 in Fighting
  6823 | D:7      | Reached * piety under Okawaru
  6969 | D:7      | Reached skill level 8 in Fighting
  6972 | D:7      | Reached skill level 2 in Invocations
  7000 | D:7      | Reached skill level 3 in Invocations
  7038 | D:7      | Reached skill level 1 in Dodging
  7092 | D:7      | Reached skill level 2 in Dodging
  7217 | D:7      | Reached skill level 3 in Dodging
  7316 | D:7      | Reached skill level 4 in Dodging
  7471 | D:5      | Reached skill level 5 in Dodging
  7486 | D:5      | Killed Pikel
  7486 | D:5      | Reached ** piety under Okawaru
  7486 | D:5      | Reached skill level 7 in Dodging
  7486 | D:5      | Reached XP level 10. HP: 72/72 MP: 12/12
  7489 | D:5      | Killed Grinder
  7501 | D:5      | Reached skill level 8 in Dodging
  7528 | D:5      | Found a basalt altar of Yredelemnul.
  7602 | D:5      | Noticed Prince Ribbit
  7616 | D:5      | Killed Prince Ribbit
  7665 | D:5      | Reached skill level 9 in Dodging
  7824 | D:8      | Found a staircase to the Lair.
  8233 | D:8      | Found a bloodstained altar of Trog.
  8243 | D:8      | Reached *** piety under Okawaru
  8243 | D:8      | Reached skill level 10 in Dodging
  8515 | D:8      | Noticed Psyche
  8522 | D:8      | Killed Psyche
  8652 | D:8      | Reached skill level 11 in Dodging
  8712 | D:8      | Reached XP level 11. HP: 77/77 MP: 13/13
  9371 | D:9      | Noticed a hill giant
  9380 | D:9      | Killed a hill giant
  9380 | D:9      | Reached **** piety under Okawaru
  9380 | D:9      | Received a gift from Okawaru
  9380 | D:9      | Reached skill level 12 in Dodging
  9595 | D:9      | Found a staircase to the Orcish Mines.
  9983 | D:9      | Found a shimmering altar of Xom.
  9985 | D:9      | Found a burning altar of Makhleb.
 10216 | D:9      | Found a snail-covered altar of Cheibriados.
 10268 | D:10     | Entered Level 10 of the Dungeon
 10283 | D:10     | Reached skill level 13 in Dodging
 10953 | D:10     | Noticed Gastronok
 11003 | D:10     | Killed Gastronok
 11003 | D:10     | Reached skill level 6 in Shields
 11058 | D:10     | Noticed Maurice
 11168 | D:10     | Killed Maurice
 11168 | D:10     | Reached XP level 12. HP: 82/82 MP: 11/14
 11222 | D:10     | Identified Kyleuckoabb's Reference Book on Feathers and Sinister Rites (You found it on level 10 of the Dungeon)
 11286 | D:10     | Learned a level 3 spell: Regeneration
 11621 | D:10     | Killed an unseen horror
 11621 | D:10     | Reached skill level 14 in Dodging
 11696 | D:11     | Noticed Urug
 11731 | D:10     | Killed Urug
 11895 | D:11     | Reached ***** piety under Okawaru
 11986 | D:11     | Reached skill level 15 in Dodging
 12201 | D:11     | Noticed a five-headed hydra
 12900 | D:12     | Reached skill level 16 in Dodging
 13037 | D:12     | Received a gift from Okawaru
 13050 | D:12     | Got a jewelled short sword {god gift}
 13054 | D:12     | Identified the +1 short sword "Xarch" {venom, rElec rPois rN+} (Okawaru gifted it to you on level 12 of the Dungeon)
 13172 | D:12     | Noticed a seven-headed hydra
 13499 | D:13     | Reached XP level 13. HP: 88/88 MP: 12/15
 13540 | D:13     | Found a gate to the Vaults.
 13678 | D:13     | Reached skill level 17 in Dodging
 13839 | D:13     | Noticed a centaur warrior
 13845 | D:13     | Killed a centaur warrior
 13845 | D:13     | Reached skill level 9 in Long Blades
 14137 | D:14     | Noticed Rupert
 14376 | D:14     | Noticed a centaur warrior
 14391 | D:14     | Killed a centaur warrior
 14391 | D:14     | Reached skill level 9 in Fighting
 14425 | D:14     | Found Barei's Antique Weapon Emporium.
 14431 | D:14     | Noticed a centaur warrior
 14443 | D:14     | Killed a centaur warrior
 14614 | D:14     | Reached skill level 10 in Fighting
 14688 | D:14     | Paralysed by Rupert for 4 turns
 14703 | D:15     | Entered Level 15 of the Dungeon
 14735 | D:15     | Noticed an ettin
 14744 | D:15     | Killed an ettin
 14763 | D:15     | Received a gift from Okawaru
 15092 | Lair:1   | Entered Level 1 of the Lair of Beasts
 15108 | Lair:1   | Reached skill level 11 in Fighting
 15336 | Lair:1   | Reached XP level 14. HP: 88/101 MP: 12/16
 15359 | Lair:1   | Noticed Joseph
 15367 | Lair:1   | Killed Joseph
 16069 | Lair:2   | Found a staircase to the Snake Pit.
 16148 | Lair:2   | Received a gift from Okawaru
 16171 | Lair:2   | Found a labyrinth entrance.
 16194 | Lab      | Entered a labyrinth
 16346 | Lab      | Reached skill level 12 in Fighting
 17746 | Lab      | Got a blackened chain mail
 17763 | Lab      | Identified the cursed +0 chain mail "Ugun" {rElec rF+ Str+2 SInv} (You found it in a labyrinth)
 18227 | Lair:2   | Received a gift from Okawaru
 18611 | Lair:2   | Noticed Erica
 18625 | Lair:2   | Killed Erica
 19179 | Lair:3   | Reached skill level 13 in Fighting
 20298 | Lair:4   | Found a staircase to the Swamp.
 20320 | Lair:4   | Reached skill level 4 in Armour
 20634 | Lair:5   | Reached skill level 5 in Armour
 20675 | Lair:5   | Found a dark tunnel.
 20703 | Volcano  | Entered a volcano
 20981 | Volcano  | Reached skill level 6 in Armour
 21304 | Lair:5   | Reached XP level 15. HP: 111/111 MP: 17/17
 21346 | Lair:5   | Reached skill level 7 in Armour
 21756 | Lair:5   | Reached skill level 8 in Armour
 22060 | Lair:6   | Entered Level 6 of the Lair of Beasts
 22205 | Lair:6   | Reached skill level 9 in Armour
 22320 | Lair:6   | Reached skill level 14 in Fighting
 22880 | Lair:6   | Found a viscous altar of Jiyva.
 22881 | Lair:6   | Found a staircase to the Slime Pits.
 22897 | Lair:6   | Received a gift from Okawaru
 22917 | Lair:6   | Got a steaming robe {god gift}
 22932 | Lair:6   | Identified the +0 robe "Xynauv" {-Tele *Contam rElec Int+8} (Okawaru gifted it to you on level 6 of the Lair of Beasts)
 22985 | Lair:6   | Gained mutation: You expend magic power (3 MP) to strengthen your wands. [mutagenic glow]
 23144 | Lair:6   | Reached skill level 15 in Fighting
 23505 | Orc:1    | Entered Level 1 of the Orcish Mines
 23561 | Orc:1    | Found a radiant altar of Vehumet.
 23942 | Orc:2    | Entered Level 2 of the Orcish Mines
 24045 | Orc:2    | Found a staircase to the Elven Halls.
 24629 | Orc:2    | Found Guakk's Jewellery Shop.
 24629 | Orc:2    | Found Gaezxom's Jewellery Boutique.
 24629 | Orc:2    | Found Kungabe's Antique Armour Shop.
 24643 | Orc:2    | Found Viuw's Food Boutique.
 24789 | Orc:2    | Bought the ring of Yxukem {+Blink EV+2 Str+10 Int-3 Dex+5} for 639 gold pieces
 24810 | Orc:2    | Bought a pair of embroidered boots for 135 gold pieces
 25159 | Swamp:1  | Entered Level 1 of the Swamp
 25207 | Swamp:1  | Reached XP level 16. HP: 74/122 MP: 13/18
 25417 | Swamp:1  | Slain by a spriggan rider

Vault maps used:
D:1:      dpeg_arrival_lava_temple_mockup, feat_on_display
D:2:      kennysheep_vampire_church, minmay_misc_feat_more_columns, uniq_robin
D:3:      serial_park_tiny_pond
D:4:      grunt_temple_overflow_open, first_bread
D:5:      yredelemnul_altar_generic, uniq_pikel, uniq_grinder,
          uniq_prince_ribbit1
D:7:      nicolae_overflow_crystal_walls, kennysheep_cross_room,
          grunt_ogre_cave, lemuel_old_faithful
D:8:      trog_eyes_of_draining, dpeg_oklobed_lair, corexii_leaking_fountain,
          uniq_psyche
D:9:      grunt_temple_overflow_champion_of_chaos, slow_altar_2, david_orc_2
D:10:     hex_medium, uniq_maurice, uniq_gastronok
D:11:     uniq_urug
D:13:     david_vaults_4
D:14:     lemuel_castle_with_subvaults, serial_shops, shop, uniq_rupert
D:15:     hangedman_depths_entry_civil_slaughter
Temple:   dshaligram_water_room_temple
Lair:1:   grunt_megastairs_4, lemuel_fruit_fields, uniq_joseph
Lair:2:   minmay_snake_entry_six_corridors, lab_entry_generic,
          infiniplex_staircase_pool, uniq_erica
Lair:3:   grunt_megastairs_1
Lair:4:   nicolae_swamp_entry_splash_gauntlet, infiniplex_staircase_pool_2
Lair:5:   special_room, nicolae_volcano_entry_hallway
Lair:6:   evilmike_catoblepas_cave, dpeg_slime_entry_enclosed_altar
Swamp:1:  hangedman_swamp_blocks
Orc:1:    basic_altar
Orc:2:    st_orc_mages
Lab:      labyrinth_skeletal_remains, lab_statue, lab_hedge,
          nicolae_lab_t_cross, nicolae_lab_swirl
Volcano:  volcano_aerie

Skill      XL: |  1  2  3  4  5  6  7  8  9 10 11 12 13 14 15 |
---------------+----------------------------------------------+-----
Long Blades    | 3 4 5 7 8 9 |  9.0
Fighting       | 4 6 8 11 13 15 | 15.8
Invocations    | 3 |  3.2
Dodging        | 7 11 13 16 17 | 17.0
Shields        | 6 |  6.4
Armour         | 6 9 |  9.0

Action                   |  1- 3 |  4- 6 |  7- 9 | 10-12 | 13-15 | 16-18 || total
-------------------------+-------+-------+-------+-------+-------+-------++-------
Melee: Long sword        |    86 |   228 |   182 |       |       |       ||   496
       Falchion          |       |       |   198 |   887 |       |       ||  1085
       Punch             |       |       |     5 |     3 |     1 |       ||     9
       Dagger            |       |       |       |    28 |       |       ||    28
       Scimitar          |       |       |       |     7 |  1422 |     6 ||  1435
       Double sword      |       |       |       |       |   315 |    40 ||   355
Throw: Tomahawk          |       |       |       |    22 |       |       ||    22
       Throwing net      |       |       |       |     2 |       |       ||     2
Invok: Heroism           |       |       |     8 |    42 |    44 |     2 ||    96
       Finesse           |       |       |       |       |     4 |     1 ||     5
 Abil: Stop Flying       |       |       |       |       |     1 |       ||     1
  Use: Potion            |     1 |     2 |     3 |     1 |     9 |     1 ||    17
       Scroll            |       |     4 |     5 |    10 |    15 |     1 ||    35
 Stab: Sleeping          |       |       |     1 |       |     5 |       ||     6
       Held in net/web   |       |       |       |     6 |       |       ||     6
       Distracted        |       |       |       |       |     1 |       ||     1
       Petrified         |       |       |       |       |     9 |       ||     9
       Petrifying        |       |       |       |       |     3 |       ||     3
       Invisible         |       |       |       |       |     2 |       ||     2
  Eat: Chunk             |     2 |     5 |     6 |    16 |    14 |       ||    43
       Beef jerky        |       |     1 |       |     2 |     2 |     1 ||     6
       Pizza             |       |     1 |       |     1 |     2 |       ||     4
       Bread ration      |       |       |     2 |       |       |       ||     2
       Meat ration       |       |       |       |       |     4 |       ||     4
Armor: Scale mail        |    23 |    94 |    17 |       |       |       ||   134
       Ring mail         |       |       |    95 |    69 |       |       ||   164
       Troll leather arm |       |       |       |    18 |   104 |     4 ||   126
       Chain mail        |       |       |       |       |     6 |       ||     6
Dodge: Dodged            |    44 |   117 |   162 |   495 |  1332 |    55 ||  2205
Block: Buckler           |       |       |       |    78 |   387 |       ||   465

Table legend:
 A = Turns spent in this place as a percentage of turns spent in the entire game.
 B = Non-inter-level travel turns spent in this place as a percentage of non-inter-level travel turns spent in the entire game.
 C = Inter-level travel turns spent in this place as a percentage of turns spent in this place.
 D = Turns resting spent in this place as a percentage of non-inter-level travel turns spent in this place.
 E = Turns spent auto-exploring this place as a percentage of non-inter-level travel turns spent in this place.
 F = Non-inter-level travel turns spent in this place divided by the number of levels of this place that you've seen.
                   A       B       C       D       E      F
               +-------+-------+-------+-------+-------+----------------------
         Total | 100.0 | 100.0 |   0.4 |   1.8 |   4.1 | 425.4
       Dungeon |  50.1 |  50.1 |   0.5 |   2.7 |   5.5 | 383.5
        Temple |   0.7 |   0.7 |   0.0 |   5.2 |   0.0 |  77.0
          Lair |  23.0 |  22.9 |   0.5 |   0.6 |   5.0 | 439.0
         Swamp |   1.6 |   1.6 |   0.0 |   5.4 |   1.1 | 185.0
  Orcish Mines |   7.4 |   7.4 |   0.4 |   1.2 |   1.8 | 426.5
     Labyrinth |  14.8 |  14.9 |   0.0 |   0.0 |   0.0 | 1710.0
       Volcano |   2.4 |   2.4 |   0.0 |   2.9 |   0.0 | 274.0
               +-------+-------+-------+-------+-------+----------------------

Table legend:
 A = Kills in this place as a percentage of kills in entire the game.
 B = Kills by you in this place as a percentage of kills by you in the entire game.
 C = Kills by friends in this place as a percentage of kills by friends in the entire game.
 D = Other kills in this place as a percentage of other kills in the entire game.
 E = Experience gained in this place as a percentage of experience gained in the entire game.
 F = Experience gained in this place divided by the number of levels of this place that you have seen.
                   A       B       C       D       E      F
               +-------+-------+-------+-------+-------+----------------------
         Total | 100.0 | 100.0 |  -nan | 100.0 | 100.0 | 4155.5
       Dungeon |  49.1 |  49.2 |  -nan |   0.0 |  39.2 | 2932.3
        Temple |   0.1 |   0.1 |  -nan |   0.0 |   0.1 | 129.0
          Lair |  34.9 |  34.9 |  -nan |   0.0 |  44.5 | 8325.2
         Swamp |   2.6 |   2.6 |  -nan |   0.0 |   4.0 | 4530.0
  Orcish Mines |  11.4 |  11.3 |  -nan | 100.0 |   7.4 | 4126.0
     Labyrinth |   0.7 |   0.7 |  -nan |   0.0 |   2.0 | 2240.0
       Volcano |   1.2 |   1.2 |  -nan |   0.0 |   2.8 | 3113.0
               +-------+-------+-------+-------+-------+----------------------
